 Dungeon Crawl Stone Soup version 0.30-a0-782-ge64f9170bb (webtiles) character file.

Game seed: 7620038416475737471

38 Anon1729 the Chopper (level 3, -8/33 HPs)
             Began as a Minotaur Monk on Feb 19, 2023.
             Splashed by a jelly's acid (9 damage)
             ... on level 2 of the Dungeon.
             The game lasted 00:00:44 (883 turns).

Anon1729 the Chopper (Minotaur Monk)                 Turns: 883, Time: 00:00:44

Health: -8/33      AC: -5    Str: 17    XL:     3   Next: 25%
Magic:  2/2        EV: 12    Int:  7    God:
Gold:   95         SH:  0    Dex: 12    Spells: 2/2 levels left

rFire   . . .      SeeInvis .    a - +0 hand axe
rCold   . . .      Faith    .    (no shield)
rNeg    . . .      Spirit   .    b - +0 robe
rPois   .          Reflect  .    (helmet restricted)
rElec   .          Harm     .    h - scarf {repulsion}
rCorr   .          Rampage  .    (no gloves)
Will    .....                    (no boots)
Stlth   ++                       (no amulet)
HPRegen 0.25/turn                (no ring)
MPRegen 0.08/turn                (no ring)

@: corroded, repel missiles
A: horns 2, retaliatory headbutt
a: no special abilities


You were on level 2 of the Dungeon.
You visited 1 branch of the dungeon, and saw 2 of its levels.

You collected 95 gold pieces.

Inventory:

Hand Weapons
 a - a +0 hand axe (weapon)
Armour
 b - a +0 robe (worn)
 h - a scarf of repulsion (worn)
Jewellery
 d - a +6 ring of intelligence
Wands
 j - a wand of charming (3)
Scrolls
 i - 2 scrolls of identify {unknown}
Potions
 c - a potion of ambrosia
 e - a potion of degeneration {unknown}
 f - a potion of flight {unknown}
 g - a potion of curing {unknown}


   Skills:
 + Level 4.1 Fighting
 * Level 4.5 Axes
 + Level 1.6 Armour
 - Level 3.2 Dodging
 - Level 1.5 Stealth


You had 2 spell levels left.
You didn't know any spells.
Your spell library was empty.

Dungeon Overview and Level Annotations

Branches:
Dungeon (2/15)

Altars:


Innate Abilities, Weirdness & Mutations

You have a pair of horns on your head.
You reflexively headbutt those who attack you in melee.


Message History

The hobgoblin hits you but does no damage.
You hit the hobgoblin.
The hobgoblin is moderately wounded.
The hobgoblin closely misses you.
You completely miss the hobgoblin.
The hobgoblin is moderately wounded.
The hobgoblin hits you.
You hit the hobgoblin.
You headbutt the hobgoblin, but do no damage.
The hobgoblin is almost dead.
The hobgoblin hits you but does no damage.
You hit the hobgoblin.
You kill the hobgoblin!
You hit the jelly.
Your hands burn!
The jelly barely misses you.
You hit the jelly.
Your hands burn!
The jelly is heavily wounded.
The jelly hits you.
You are splashed with acid!
You hit the jelly. The acid corrodes you!
Your hands burn!
The jelly is almost dead.
The jelly closely misses you.
You are too injured to fight recklessly!
You are too injured to fight recklessly!
You are too injured to fight recklessly!
You are too injured to fight recklessly!
You are too injured to fight recklessly!
You are too injured to fight recklessly!
You are too injured to fight recklessly!
A jelly is nearby!
You hit the jelly but do no damage.
Your hands burn!
The jelly is almost dead.
The jelly hits you.
You are splashed with acid!
* * * LOW HITPOINT WARNING * * *
Aiming: Charm
Press: ? - help, Shift-Dir - straight line, f - jelly
Aim: a jelly (almost dead, chance to affect: 57%)
The jelly resists with significant effort.
The jelly hits you.
* * * LOW HITPOINT WARNING * * *
The acid corrodes you!
You are splashed with acid!
You die...

## .. #. #.
##.######
#../....# #
#..@....# ..
+.J.....#
...#......>#
...........#
..#.#..###..#
..#.#.......+
.# #.##...##
. #.##...#
#.#.##...#
#....#


You could see a jelly.

Vanquished Creatures
  An adder (D:2)
  2 ball pythons (D:1)
  5 endoplasms
  A hobgoblin (D:2)
  8 jackals (D:1)
  4 kobolds
  A quokka (D:1)
  2 bats
  A goblin (D:2)
25 creatures vanquished.

Notes
Turn   | Place    | Note
-------+----------+-------------------------------------------
     0 | D:1      | Anon1729 the Minotaur Monk began the quest for the Orb.
     0 | D:1      | Reached XP level 1. HP: 19/19 MP: 0/0
   163 | D:1      | Reached XP level 2. HP: 22/27 MP: 1/1
   246 | D:1      | Reached skill level 1 in Armour
   406 | D:1      | You fall into a shaft and drop 1 floor!
   650 | D:2      | Reached XP level 3. HP: 13/33 MP: 2/2
   883 | D:2      | HP: 1/33 [jelly (2)]
   883 | D:2      | Splashed by a jelly's acid

Illustrated notes

Levels and vault maps discovered:
D:1:      tarquinn_simple_flora_water_f, layout_basic
D:2:      layout_basic, uniq_sigmund

Skill      XL: |  1  2 |
---------------+-------+-----
Axes           | 4 |  4.5
Armour         | 1 |  1.6
Fighting       | 4 |  4.1
Dodging        | |  3.2
Stealth        | |  1.5

Action                     || total
---------------------------++-------
  Melee: Hand axe          ||    53
         Headbutt          ||     5
  Evoke: Wand              ||     1
   Stab: Sleeping          ||     1
 Armour: Robe              ||     5
  Dodge: Dodged            ||    49

Table legend: (Time is in decaauts)
 A = Elapsed time spent in this place.
 B = Non-inter-level travel time spent in this place.
 C = Inter-level travel time spent in this place.
 D = Time resting spent in this place.
 E = Time spent auto-exploring this place.
 F = Levels seen in this place.
 G = Mean time per level.
                   A        B        C        D        E       F      G
               +--------+--------+--------+--------+--------+-----+--------+
         Total |    887 |    851 |     36 |      0 |    700 |   2 |  443.5 |
       Dungeon |    887 |    851 |     36 |      0 |    700 |   2 |  443.5 |
               +--------+--------+--------+--------+--------+-----+--------+

Top non-repeatable levels by time:
     D:2: 478 daAuts
     D:1: 408 daAuts
